 Dungeon Sprint DCSS version 0.26-a0-710-g95a0c6c400 (webtiles) character file.

Game seed: 1980739590719171749

8757 mhtbhm the Fencer (level 11, -2/99 HPs)
             Began as a Demonspawn Berserker on Oct 30, 2020.
             Was the Champion of Trog.
             Slain by an ettin
             ... wielding a +0 dire flail
              (29 damage)
             ... in the Dungeon (Sprint IX: "|||||||||||||||||||||||||||||").
             The game lasted 00:02:52 (785 turns).

mhtbhm the Fencer (Demonspawn Berserker)             Turns: 785, Time: 00:02:53

Health: -2/99      AC: 23    Str: 23    XL:     11   Next: 14%
Magic:  11/11      EV: 13    Int:  8    God:    Trog [******]
Gold:   33         SH:  0    Dex: 14    Spells: 10/10 levels left

rFire    + . .     SeeInvis .   a - +4 great sword (flame)
rCold    + . .     Faith    .   (shield currently unavailable)
rNeg     . . .     Spirit   .   b - +1 chain mail
rPois    .         Reflect  .   (helmet restricted)
rElec    .         Harm     .   x - +0 cloak
rCorr    .         Rampage  .   m - +0 pair of gloves
MR       .....     NoTele   +   l - +0 pair of boots
Stlth    ..........             (no amulet)
HPRegen  3.26/turn              n - +2 ring of protection
MPRegen  0.12/turn              o - +3 ring of strength

@: berserk cooldown, slowed, very slow
A: horns 1, icy blue scales 3, fire resistance 1, powered by death 2
a: Berserk, Trog's Hand, Brothers in Arms, Renounce Religion


You were in the Dungeon.
You worshipped Trog.
Trog was exalted by your worship.
You visited 1 branch You collected 33 gold pieces.

Inventory:

Hand Weapons
 a - a +4 great sword of flaming (weapon)
 w - a +4 vorpal triple sword
Armour
 b - a +1 chain mail (worn)
 l - a +0 pair of boots (worn)
 m - a +0 pair of gloves (worn)
 x - a +0 cloak (worn)
Jewellery
 n - a +2 ring of protection (left hand)
 o - a +3 ring of strength (right hand)
Wands
 k - a wand of acid (4)
Scrolls
 h - 2 scrolls of blinking
 j - 3 scrolls of remove curse
 r - a scroll of enchant weapon
 s - 2 scrolls of fog
 t - a scroll of fear
 u - 4 scrolls of enchant armour
Potions
 c - 6 potions of curing
 d - 5 potions of heal wounds
 e - a potion of haste
 f - 5 potions of magic
 g - a potion of berserk rage
 i - a potion of invisibility
 p - a potion of might
 q - a potion of resistance


   Skills:
 + Level 13.7 Fighting
 + Level 16.2 Long Blades
 + Level 10.7 Armour
 + Level 8.3 Dodging
 + Level 3.0 Stealth
 + Level 3.7 Evocations


You had 10 spell levels left.
You didn't know any spells.
Your spell library was empty.

Dungeon Overview and Level Annotations

Branches:
Dungeon (1/1)

Altars:
Cheibriados
Dithmenos
Elyvilon
Fedhas
Gozag
Hepliaklqana
Kikubaaqudgha
Makhleb
Nemelex Xobeh
Okawaru
Qazlal
Ru
Sif Muna
Trog
Uskayaw
Vehumet
Wu Jian
Xom
Yredelemnul
Zin
The Shining One
Beogh
Jiyva
Lugonu


Innate Abilities, Weirdness & Mutations

You have a pair of small horns on your head.
You are completely covered in icy blue scales. (AC +4, rC+)
Your flesh is heat resistant. (rF+)
You regenerate health from kills.


Message History

The orc wizard casts a spell.
The orc wizard blinks!
Unknown command.
You hit the ettin. You burn the ettin.
You headbutt the ettin, but do no damage.
The ettin is lightly wounded.
The ettin hits you with a +0 dire flail.
The ettin hits you with a +0 dire flail!!
Unknown command.
You barely miss the ettin.
The ettin is lightly wounded.
The orc wizard mumbles some strange words.
The orc wizard blinks!
The ettin barely misses you. The ettin closely misses you.
The ettin hits you with a +0 dire flail!! x2
* * * LOW HITPOINT WARNING * * *
You hit the ettin. You burn the ettin. Your headbutt misses the ettin.
The ettin is lightly wounded.
The ettin hits you with a +0 dire flail!!
You die...

_______________'..)..'....)†...<▓
▓▓▓▓▓▓▓▓▓▓▓▓▓▓▓▓▓▓▓▓▓▓▓▓▓▓▓▓▓▓▓▓▓
................................▓
▓▓▓▓▓▓▓▓▓▓▓▓▓▓▓▓▓▓▓▓▓▓▓▓▓▓▓▓▓▓▓.▓
†)........†......[...!..'.......▓
▓▓▓▓▓▓▓▓▓▓▓▓▓▓▓▓▓▓▓▓▓▓▓▓▓▓▓▓▓▓▓▓▓
......[.....)...................▓
▓▓▓▓▓▓▓▓▓▓▓▓▓▓▓▓▓▓▓▓▓▓▓▓▓▓▓▓▓▓▓.▓
..o$ooC@)).............▓
▓▓▓▓▓▓▓▓▓▓▓▓▓▓▓▓▓▓▓▓▓▓▓▓


You could see an ettin, an orc priest, an orc wizard (fast) and an orc.

Vanquished Creatures
  4 hydras (D)
  Erica (D)
  A two-headed ogre (D)
  An orc knight (D)
  A black mamba (D)
  3 cane toads (D)
  A komodo dragon (D)
  A troll (D)
  3 tyrant leeches (D)
  Eustachio (D)
  4 yaks (D)
  A wyvern (D)
  A vampire mosquito (D)
  3 water moccasins (D)
  2 orc warriors (D)
  2 wolves (D)
  An ogre (D)
  6 bullfrogs (D)
  A wight (D)
  2 orc priests (D)
  An iguana (D)
  3 orc wizards (D)
  A shadow imp (D)
  An ufetubus (D)
  An adder zombie (D)
  A worm (D)
  4 orcs (D)
  A giant cockroach (D)
  3 goblins (D)
  A kobold (D)
  A rat (D)
58 creatures vanquished.

Notes
Turn   | Place    | Note
-------+----------+-------------------------------------------
     0 | D        | mhtbhm the Demonspawn Berserker began the quest for the
                  | Orb.
     0 | D        | Reached XP level 1. HP: 18/18 MP: 1/1
     4 | D        | Reached skill level 3 in Long Blades
     9 | D        | Reached ** piety under Trog
    18 | D        | Noticed an ogre
    22 | D        | Gained mutation: You regenerate a little health from kills.
                  | [demonic ancestry]
    22 | D        | Reached XP level 2. HP: 25/25 MP: 2/2
    24 | D        | Reached *** piety under Trog
    34 | D        | Killed an ogre
    34 | D        | Reached skill level 5 in Long Blades
    34 | D        | Gained mutation: You are partially covered in icy blue
                  | scales. (AC +2) [demonic ancestry]
    34 | D        | Reached XP level 3. HP: 32/34 MP: 3/3
    34 | D        | Gained mutation: You are mostly covered in icy blue scales.
                  | (AC +3) [demonic ancestry]
    34 | D        | Reached XP level 4. HP: 38/40 MP: 4/4
    38 | D        | Found a roughly hewn altar of Beogh.
    38 | D        | Found a snail-covered altar of Cheibriados.
    38 | D        | Found a shadowy altar of Dithmenos.
    38 | D        | Found a white marble altar of Elyvilon.
    38 | D        | Found a blossoming altar of Fedhas.
    38 | D        | Found an opulent altar of Gozag.
    39 | D        | Found a hazy altar of Hepliaklqana.
    40 | D        | Found a viscous altar of Jiyva.
    41 | D        | Found an ancient bone altar of Kikubaaqudgha.
    42 | D        | Found a corrupted altar of Lugonu.
    43 | D        | Found a burning altar of Makhleb.
    44 | D        | Found a sparkling altar of Nemelex Xobeh.
    45 | D        | Found an iron altar of Okawaru.
    46 | D        | Found a stormy altar of Qazlal.
    47 | D        | Found a sacrificial altar of Ru.
    48 | D        | Found a shimmering blue altar of Sif Muna.
    49 | D        | Found a bloodstained altar of Trog.
    50 | D        | Found a hide-covered altar of Uskayaw.
    51 | D        | Found a radiant altar of Vehumet.
    52 | D        | Found an ornate altar of the Wu Jian Council.
    53 | D        | Found a shimmering altar of Xom.
    54 | D        | Found a basalt altar of Yredelemnul.
    55 | D        | Found a glowing silver altar of Zin.
    56 | D        | Found a glowing golden altar of the Shining One.
   132 | D        | Noticed a two-headed ogre
   132 | D        | Noticed a troll
   132 | D        | Noticed an orc warrior
   136 | D        | Reached **** piety under Trog
   137 | D        | Reached skill level 6 in Long Blades
   137 | D        | Reached XP level 5. HP: 33/47 MP: 5/5
   137 | D        | Killed a troll
   137 | D        | Reached skill level 8 in Long Blades
   137 | D        | Reached skill level 1 in Stealth
   137 | D        | Reached XP level 6. HP: 40/57 MP: 6/6
   139 | D        | Killed an orc warrior
   139 | D        | Reached skill level 9 in Long Blades
   139 | D        | Reached skill level 5 in Dodging
   142 | D        | Killed a two-headed ogre
   142 | D        | Reached skill level 10 in Fighting
   142 | D        | Reached skill level 10 in Long Blades
   142 | D        | Reached skill level 1 in Evocations
   142 | D        | Gained mutation: You are completely covered in icy blue
                  | scales. (AC +4, rC+) [demonic ancestry]
   142 | D        | Reached XP level 7. HP: 49/66 MP: 7/7
   142 | D        | Gained mutation: You regenerate health from kills. [demonic
                  | ancestry]
   142 | D        | Reached XP level 8. HP: 54/72 MP: 8/8
   144 | D        | Reached ***** piety under Trog
   198 | D        | Noticed a komodo dragon
   198 | D        | Noticed a six-headed hydra
   203 | D        | Killed a six-headed hydra
   203 | D        | Reached skill level 11 in Long Blades
   208 | D        | Killed a komodo dragon
   219 | D        | Received a gift from Trog
   219 | D        | Reached skill level 12 in Long Blades
   225 | D        | Gained mutation: Your flesh is heat resistant. (rF+)
                  | [demonic ancestry]
   225 | D        | Reached XP level 9. HP: 81/81 MP: 9/9
   376 | D        | Noticed a black mamba
   376 | D        | Noticed a cane toad
   376 | D        | Noticed an eight-headed hydra
   382 | D        | Killed a 12-headed hydra
   382 | D        | Reached skill level 13 in Long Blades
   388 | D        | Killed a cane toad
   392 | D        | Killed a black mamba
   396 | D        | Received a gift from Trog
   401 | D        | Reached XP level 10. HP: 87/89 MP: 10/10
   431 | D        | Noticed an eight-headed hydra
   435 | D        | Reached skill level 14 in Long Blades
   441 | D        | Killed a four-headed hydra
   444 | D        | Noticed a five-headed hydra
   456 | D        | Killed a one-headed hydra
   456 | D        | Reached ****** piety under Trog
   456 | D        | Reached skill level 10 in Armour
   458 | D        | Reached skill level 15 in Long Blades
   459 | D        | Received a gift from Trog
   582 | D        | Noticed a cane toad
   582 | D        | Noticed a cane toad
   592 | D        | Killed a cane toad
   606 | D        | Killed a cane toad
   609 | D        | Received a gift from Trog
   696 | D        | Noticed Erica
   706 | D        | Killed Erica
   706 | D        | Reached skill level 16 in Long Blades
   706 | D        | Gained mutation: You have a pair of small horns on your
                  | head. [demonic ancestry]
   706 | D        | Reached XP level 11. HP: 93/98 MP: 11/11
   711 | D        | Noticed Eustachio
   716 | D        | Killed Eustachio
   752 | D        | Noticed an orc knight
   762 | D        | Killed an orc knight
   766 | D        | Received a gift from Trog
   774 | D        | Noticed an ettin
   785 | D        | Slain by an ettin

Illustrated notes

Levels and vault maps discovered:
D:        linesprint [early_d, line_temple, items_1, d_10, items_2, lair_1,
          lair_end, items_3, orc_1, orc_end, items_4, d_15, swamp_1, shoals_1,
          snake_1, spider_1, d_20, vaults_1, items_5, swamp_end, shoals_end,
          snake_end, spider_end, vaults_end, d_27, items_6, zot_1, zot_end,
          crypt_end, forest_end, elf_end, slime_end, tomb_end, abyss_end,
          pan_hell_end]

Skill      XL: |  1  2  3  4  5  6  7  8  9 10 11 |
---------------+----------------------------------+-----
Long Blades    | 3 5 6 8 10 12 13 16 | 16.2
Dodging        | 2 3 4 6 7 8 |  8.3
Armour         | 2 3 4 6 7 9 10 | 10.7
Fighting       | 4 6 8 10 11 12 13 | 13.7
Stealth        | 1 2 3 |  3.0
Evocations     | 1 2 3 |  3.7

Action                   |  1- 3 |  4- 6 |  7- 9 | 10-12 || total
-------------------------+-------+-------+-------+-------++-------
Melee: Falchion          |    20 |     4 |    20 |       ||    44
       Triple sword      |       |       |    21 |    24 ||    45
       Great sword       |       |       |       |    65 ||    65
       Headbutt          |       |       |       |     9 ||     9
Invok: Berserk           |     1 |     1 |     2 |     3 ||     7
       Brothers in Arms  |       |       |     1 |       ||     1
Evoke: Wand              |       |     3 |     3 |       ||     6
  Use: Potion            |       |     1 |       |       ||     1
Armor: Animal skin       |     1 |       |       |       ||     1
       Chain mail        |       |     1 |    30 |    52 ||    83
Dodge: Dodged            |     9 |     2 |    20 |    37 ||    68
       Rpst.: Falchion   |     4 |       |     2 |       ||     6
       Triple sword      |       |       |     5 |     5 ||    10
       Great sword       |       |       |       |     4 ||     4

Table legend: (Time is in decaauts)
 A = Elapsed time spent in this place.
 B = Non-inter-level travel time spent in this place.
 C = Inter-level travel time spent in this place.
 D = Time resting spent in this place.
 E = Time spent auto-exploring this place.
 F = Levels seen in this place.
 G = Mean time per level.
                   A        B        C        D        E       F      G
               +--------+--------+--------+--------+--------+-----+--------+
         Total |    819 |    819 |      0 |    235 |    126 |   1 |  819.0 |
       Dungeon |    819 |    819 |      0 |    235 |    126 |   1 |  819.0 |
               +--------+--------+--------+--------+--------+-----+--------+

Top non-repeatable levels by time:
       D: 819 daAuts
